AoeStats
← Science Bitch!!!

Oasis

509320780Analyzed
2v2 RM · 6d ago on Sep 26, 2026· 65m 7s· 4 players
Game mode
Random Map
Map size
Medium (4 player)
Population
200
Speed
Normal
Resources
Standard
Victory
Conquest
Starting age
Dark Age
Ending age
Imperial Age
RankedLock teamsTeams togetherTeam positionsShared explorationLock speedFull tech treeHidden civsTurbo modeCheats
Victory
Defeat
🇪🇸 Spanish · Spain
1055
+15
🇹🇷 Teutons · Türkiye
987
+18
🇮🇳 Persians · India
1034
-17
🇮🇳 Mongols · India
1020
-16
Science Bitch!!!
6:14 Loom
8:47 Feudal Age
11:55 Horse Collar
12:12 Double-Bit Axe
19:55 Wheelbarrow
23:59 Castle Age
23:36 Forging
24:47 Bow Saw
24:39 Heavy Plow
24:20 Light Cavalry
26:04 Scale Barding Armor
28:10 Iron Casting
29:49 Padded Archer Armor
30:12 Chain Barding Armor
30:07 Bloodlines
35:27 Gold Mining
39:55 Imperial Age
39:11 Gold Shaft Mining
38:27 Stone Mining
39:43 Elite Skirmisher
41:25 Blast Furnace
41:02 Plate Barding Armor
40:17 Fletching
40:28 Padded Archer Armor
40:30 Heavy Camel Rider
40:54 Hussar
41:39 Husbandry
45:13 Bodkin Arrow
45:34 Leather Archer Armor
46:30 Crop Rotation
47:02 Two-Man Saw
49:17 Ring Archer Armor
49:10 Ballistics
49:50 Chemistry
49:26 Conscription
53:52 Coinage
53:36 Guilds
54:50 Caravan
57:26 Thumb Ring
Recursion
6:18 Loom
10:39 Feudal Age
20:57 Castle Age
21:00 Gold Mining
21:34 Forging
22:32 Scale Barding Armor
22:51 Double-Bit Axe
24:35 Wheelbarrow
24:28 Bloodlines
25:23 Chain Barding Armor
27:16 Iron Casting
28:48 Bow Saw
39:21 Thumb Ring
39:08 Fletching
40:50 Bodkin Arrow
40:59 Husbandry
41:45 Horse Collar
45:14 Imperial Age
44:56 Ballistics
44:20 Light Cavalry
46:24 Hussar
47:53 Bracer
49:03 Fortified Wall
49:35 Parthian Tactics
50:54 Blast Furnace
49:34 Heavy Cavalry Archer
50:41 Parthian Tactics
50:57 Conscription
60:37 Chemistry
GlorioustoRy [75MINGAME]
4:38 Loom
12:27 Feudal Age
14:18 Double-Bit Axe
20:33 Horse Collar
25:41 Castle Age
24:49 Scale Barding Armor
24:55 Forging
27:57 Heavy Plow
29:53 Bow Saw
31:06 Pikeman
33:08 Scale Mail Armor
33:38 Gold Mining
35:34 Chain Barding Armor
36:13 Wheelbarrow
40:10 Imperial Age
37:56 Hand Cart
39:31 Town Watch
40:27 Iron Casting
40:04 Bloodlines
40:11 Squires
39:57 Gambesons
41:08 Town Patrol
40:34 Halberdier
42:59 Chain Mail Armor
43:44 Blast Furnace
43:32 Conscription
45:01 Plate Barding Armor
44:11 Cavalier
46:18 Crop Rotation
47:03 Plate Mail Armor
49:21 Chemistry
48:53 Paladin
50:49 Paladin
55:23 Fletching
55:34 Padded Archer Armor
55:59 Ballistics
55:48 Siege Engineers
56:06 Conscription
58:57 Caravan
62:22 Onager
Elmarques
10:42 Feudal Age
9:00 Loom
15:18 Castle Age
13:09 Horse Collar
13:26 Double-Bit Axe
16:53 Bow Saw
19:43 Squires
23:23 Town Watch
25:26 Forging
27:40 Pikeman
29:55 Wheelbarrow
29:21 Town Patrol
30:05 Gold Mining
30:55 Elite Skirmisher
32:27 Iron Casting
34:41 Elite Skirmisher
36:42 Hand Cart
38:03 Scale Barding Armor
37:50 Fletching
38:00 Scale Mail Armor
38:03 Padded Archer Armor
40:19 Husbandry
40:30 Bloodlines
43:42 Imperial Age
41:15 Heavy Plow
41:25 Stone Mining
42:05 Leather Archer Armor
41:45 Bodkin Arrow
42:11 Chain Barding Armor
46:14 Ring Archer Armor
45:44 Bracer
46:45 Blast Furnace
46:21 Plate Barding Armor
45:11 Light Cavalry
47:57 Conscription
48:03 Conscription
47:11 Hussar
49:46 Caravan
50:18 Ballistics
50:59 Chemistry
50:11 Masonry
49:58 Murder Holes
50:33 Halberdier
51:17 Scale Mail Armor
54:28 Chain Mail Armor
58:16 Stone Shaft Mining
61:32 Cavalier
63:26 Paladin
65:17 Plate Mail Armor
Connection lost

Rejoining the realm…

Still unreachable

The connection could not be restored.

Session expired

The server has moved on; the page needs a fresh start.